Little Stars vs Diablos
Created - February 24, 2019 at 19:28
Goals
|
| Little Stars |
0 |
2 |
0 |
2 |
| Diablos |
1 |
3 |
1 |
5 |
|
Shots
|
| Little Stars |
15 |
8 |
8 |
31 |
| Diablos |
10 |
11 |
9 |
30 |
|
1st period
1. Diablos , Corey Trivino 16 (Jordan Szwarz 19, Alex Petrovic 27) at 3:00
Penalties :
Nick Spaling (Don) for Hooking (Minor) at 13:32, Brian Dumoulin (Don) for Tripping (Minor) at 15:44, Cam Atkinson (Tex) for Boarding (Minor) at 18:45
2nd period
2. Diablos , Nick Spaling 28 (Lars Eller 51) at 0:18 (PP)
3. Little Stars , Cam Atkinson 39 (Phil Oreskovic 7, Curtis Glencross 13) at 0:26
4. Diablos , Bryan Bickell 10 (Jordan Szwarz 20, Tyler Lewington 1) at 12:14
5. Diablos , Danny Kristo 18 (Brian Dumoulin 20) at 14:44
6. Little Stars , Curtis Glencross 8 (Cam Atkinson 35, Brian Flynn 57) at 19:03
Penalties :
Brian Flynn (Tex) for Slashing (Minor) at 2:19
3rd period
7. Diablos , Peter Holland 15 (Andrei Mironov 1) at 1:40
Penalties :
Lars Eller (Don) for Boarding (Minor) at 1:48, Cameron Gaunce (Don) for Tripping (Minor) at 6:30, Philip Larsen (Don) for Charging (Double Minor) at 10:25
Goalie Stats
Matt Murray (Tex), 17 saves from 22 shots - (0.773), L, 18-13-2, 41:40 minutes
Peter Delmas (Tex), 8 saves from 8 shots - (1.000), 18:20 minutes
Joni Ortio (Don), 29 saves from 31 shots - (0.935), W, 15-6-1, 60:00 minutes
Players Stats for Little Stars
Player Name G A P +/- PIM S H SB GA TA FO MP PP MP PK MP
------------------------------------------------------------------------------------
Adam Tambellini 0 0 0 -2 0 0 0 0 0 0 0/0 9:22 0:24 0:27
Alexander Vasyunov 0 0 0 -1 0 1 0 0 0 0 2/3 10:49 0:00 1:44
Andrej Sustr 0 0 0 -4 0 2 0 3 0 1 0/0 23:33 4:25 1:13
Bo Horvat 0 0 0 -2 0 1 0 0 1 0 1/4 9:13 0:57 0:00
Brian Flynn 0 1 1 2 2 4 3 0 0 0 17/29 20:21 5:40 0:00
Cam Atkinson 1 1 2 2 2 4 1 0 1 0 3/4 21:27 5:47 1:10
Curtis Glencross 1 1 2 2 0 5 1 0 1 1 1/3 23:32 5:40 2:22
Dana Tyrell 0 0 0 -1 0 2 0 0 0 0 8/15 18:30 5:13 0:32
Jesse Joensuu 0 0 0 -1 0 2 2 2 1 0 0/0 17:49 5:04 0:00
Jordie Benn 0 0 0 -3 0 1 3 2 0 1 0/0 21:36 4:24 1:13
Mathieu Perreault 0 0 0 -1 0 5 3 0 0 0 3/4 10:42 1:09 0:00
Phil Oreskovic 0 1 1 1 0 0 3 1 0 0 0/0 10:38 2:14 1:10
Scott Kosmachuck 0 0 0 -2 0 0 4 0 0 0 0/0 8:01 0:00 0:00
Stanislav Chistov 0 0 0 -1 0 3 2 0 0 0 0/0 18:49 5:04 0:49
Tucker Poolman 0 0 0 1 0 0 0 0 0 0 0/0 14:57 1:32 1:09
Tyler Wotherspoon 0 0 0 1 0 1 1 1 0 0 0/0 19:31 4:35 0:00
Tyson Barrie 0 0 0 0 0 0 1 4 0 1 0/0 27:16 6:40 2:19
Zach Budish 0 0 0 -1 0 0 2 0 0 0 0/0 10:20 0:47 0:00
Players Stats for Diablos
Player Name G A P +/- PIM S H SB GA TA FO MP PP MP PK MP
------------------------------------------------------------------------------------
Alex Petrovic 0 1 1 1 0 1 0 1 0 0 0/0 22:13 1:15 6:19
Andrei Mironov 0 1 1 2 0 1 0 2 0 0 0/0 17:32 0:00 5:12
Brian Dumoulin 0 1 1 -1 2 1 3 1 0 0 0/0 21:17 2:17 1:05
Bryan Bickell 1 0 1 1 0 1 2 0 0 0 0/0 16:33 1:19 3:18
Cameron Gaunce 0 0 0 -1 2 0 3 2 0 0 0/0 26:26 2:17 5:04
Corey Trivino 1 0 1 1 0 3 2 0 0 0 9/12 18:31 1:19 5:24
Danny Kristo 1 0 1 1 0 4 0 1 0 0 1/1 9:57 0:00 0:00
Jason Akeson 0 0 0 -1 0 2 0 0 0 1 3/4 21:46 2:13 3:18
Jiri Sekac 0 0 0 1 0 0 1 0 0 0 0/0 10:45 0:00 0:48
Jordan Szwarz 0 2 2 1 0 2 1 0 1 0 0/4 13:07 1:19 0:00
Lars Eller 0 1 1 -1 2 4 3 0 3 0 11/34 21:01 2:13 2:34
Marek Zagrapan 0 0 0 1 0 1 4 0 0 0 0/2 10:08 0:00 0:08
Nick Spaling 1 0 1 -1 2 4 2 0 0 0 0/1 22:55 2:13 4:31
Peter Holland 1 0 1 1 0 2 1 1 0 0 3/4 10:22 0:00 3:49
Philip Larsen 0 0 0 1 4 2 2 0 0 0 0/0 15:27 1:15 0:58
Sergey Tolchinsky 0 0 0 1 0 0 0 0 0 0 0/0 6:25 0:00 0:00
Tyler Lewington 0 1 1 2 0 0 1 2 0 3 0/0 17:10 0:00 5:12
Tyler Pitlick 0 0 0 1 0 2 2 0 0 0 0/0 6:25 0:00 0:00
3 Stars
1 - Curtis Glencross (Tex)
2 - Bryan Bickell (Don)
3 - Corey Trivino (Don)
Power Play
Little Stars - 0 on 6 Attempt(s) - 0.00%
Diablos - 1 on 2 Attempt(s) - 50.00%
Penalty Kill
Little Stars - 1 on 2 Attempt(s) - 50.00%
- Score 0 goal in Penalty Kill
Diablos - 6 on 6 Attempt(s) - 100.00%
- Score 0 goal in Penalty Kill
Team Stat
Little Stars - Hits : 26 - Faceoff Wins : 35 - Blocked Shots : 13 - Penalty Minutes : 4
Diablos - Hits : 27 - Faceoff Wins : 27 - Blocked Shots : 10 - Penalty Minutes : 12
Official
Referees : Unknown
Linesman : Unknown
Game Notes
Phil Oreskovic is injured at 2:34 of 2nd period (Strained Groin)
Peter Delmas enters game at 1:40 of 3rd period
Finance
Level 1 -- Attendance: 1378 (68.90%) -- Ticket Income $37,206
Level 2 -- Attendance: 767 (76.70%) -- Ticket Income $7,670
Total Attendance: 2145 (71.50%)
Total Ticket Income: $44,876
Other Income: $2,244
Total Income: $47,120
Little Stars
5 vs 5 Forward
Center Left Wing Right Wing Time % Phy DF OF
1 Brian Flynn Curtis Glencross Cam Atkinson 40 1 2 2
2 Dana Tyrell Jesse Joensuu Stanislav Chistov 30 1 2 2
3 Mathieu Perreault Alexander Vasyunov Zach Budish 20 1 2 2
4 Bo Horvat Adam Tambellini Scott Kosmachuck 10 1 2 2
5 vs 5 Defense
Defense Defense Time % Phy DF OF
1 Phil Oreskovic Tyson Barrie 40 1 2 2
2 Andrej Sustr Jordie Benn 30 1 2 2
3 Tyler Wotherspoon Tucker Poolman 20 1 2 2
4 Phil Oreskovic Tyson Barrie 10 1 2 2
PowerPlay Forward
Center Left Wing Right Wing Time % Phy DF OF
1 Brian Flynn Curtis Glencross Cam Atkinson 60 0 2 3
2 Dana Tyrell Jesse Joensuu Stanislav Chistov 40 0 2 3
PowerPlay Defense
Defense Defense Time % Phy DF OF
1 Phil Oreskovic Tyson Barrie 60 0 2 3
2 Andrej Sustr Jordie Benn 40 0 2 3
Penalty Kill 4 Players Forward
Center Wing Time % Phy DF OF
1 Cam Atkinson Curtis Glencross 60 0 3 2
2 Stanislav Chistov Brian Flynn 40 0 3 2
Penalty Kill 4 Players Defense
Defense Defense Time % Phy DF OF
1 Phil Oreskovic Tyson Barrie 60 0 3 2
2 Andrej Sustr Jordie Benn 40 0 3 2
Penalty Kill - 3 Players Forward
Forward Time % Phy DF OF
1 Cam Atkinson 60 0 3 2
2 Curtis Glencross 40 0 3 2
Penalty Kill - 3 Players Defense
Defense Defense Time % Phy DF OF
1 Phil Oreskovic Tyson Barrie 60 0 3 2
2 Andrej Sustr Jordie Benn 40 0 3 2
4 vs 4 Forward
Center Wing Time % Phy DF OF
1 Cam Atkinson Curtis Glencross 60 1 2 2
2 Stanislav Chistov Brian Flynn 40 1 2 2
4 vs 4 Defense
Defense Defense Time % Phy DF OF
1 Phil Oreskovic Tyson Barrie 60 1 2 2
2 Andrej Sustr Jordie Benn 40 1 2 2
Last Minutes Offensive
Center Left Wing Right Wing Defense Defense
Brian Flynn Curtis Glencross Cam Atkinson Phil Oreskovic Tyson Barrie
Last Minutes Defensive
Center Left Wing Right Wing Defense Defense
Brian Flynn Curtis Glencross Cam Atkinson Phil Oreskovic Tyson Barrie
Goaltenders
Starting : Matt Murray
Backup : Peter Delmas
Extra Forwards
Normal : Mathieu Perreault, Bo Horvat, Alexander Vasyunov - PP : Mathieu Perreault, Bo Horvat - PK : Alexander Vasyunov
Extra Defensemen
Normal : Tyler Wotherspoon, Tucker Poolman, Andrej Sustr - PP : Tyler Wotherspoon - PK : Tucker Poolman, Andrej Sustr
Penalty Shots
Cam Atkinson, Curtis Glencross, Stanislav Chistov, Brian Flynn, Dana Tyrell
Scratches
Daniel O'regan (Healthy), Michael Mersch (Healthy), Justin Auger (Healthy), Reece Willcox (Healthy), Ville Pokka (Healthy)
Jason Dickinson (Healthy), Emile Poirier (Healthy), Anton Cederholm (Lower Body Injury), Shawn Matthias (Broken Bone (Left Arm) Injury), Spencer Martin (Healthy)
Diablos
5 vs 5 Forward
Center Left Wing Right Wing Time % Phy DF OF
1 Lars Eller Nick Spaling Jason Akeson 40 0 1 4
2 Corey Trivino Bryan Bickell Jordan Szwarz 30 0 1 4
3 Marek Zagrapan Jiri Sekac Danny Kristo 20 0 2 3
4 Peter Holland Sergey Tolchinsky Tyler Pitlick 10 1 3 1
5 vs 5 Defense
Defense Defense Time % Phy DF OF
1 Cameron Gaunce Brian Dumoulin 40 0 3 2
2 Alex Petrovic Philip Larsen 30 0 3 2
3 Tyler Lewington Andrei Mironov 20 0 3 2
4 Cameron Gaunce Alex Petrovic 10 0 3 2
PowerPlay Forward
Center Left Wing Right Wing Time % Phy DF OF
1 Lars Eller Nick Spaling Jason Akeson 60 0 0 5
2 Corey Trivino Bryan Bickell Jordan Szwarz 40 0 0 5
PowerPlay Defense
Defense Defense Time % Phy DF OF
1 Cameron Gaunce Brian Dumoulin 60 0 1 4
2 Philip Larsen Alex Petrovic 40 0 1 4
Penalty Kill 4 Players Forward
Center Wing Time % Phy DF OF
1 Corey Trivino Nick Spaling 60 0 5 0
2 Lars Eller Jason Akeson 40 0 5 0
Penalty Kill 4 Players Defense
Defense Defense Time % Phy DF OF
1 Cameron Gaunce Alex Petrovic 60 0 5 0
2 Tyler Lewington Andrei Mironov 40 0 5 0
Penalty Kill - 3 Players Forward
Forward Time % Phy DF OF
1 Peter Holland 60 0 5 0
2 Lars Eller 40 0 5 0
Penalty Kill - 3 Players Defense
Defense Defense Time % Phy DF OF
1 Cameron Gaunce Alex Petrovic 60 0 5 0
2 Tyler Lewington Brian Dumoulin 40 0 5 0
4 vs 4 Forward
Center Wing Time % Phy DF OF
1 Marek Zagrapan Jordan Szwarz 60 0 2 3
2 Lars Eller Jason Akeson 40 0 2 3
4 vs 4 Defense
Defense Defense Time % Phy DF OF
1 Cameron Gaunce Alex Petrovic 60 0 2 3
2 Philip Larsen Alex Petrovic 40 0 2 3
Last Minutes Offensive
Center Left Wing Right Wing Defense Defense
Lars Eller Nick Spaling Jason Akeson Cameron Gaunce Alex Petrovic
Last Minutes Defensive
Center Left Wing Right Wing Defense Defense
Lars Eller Nick Spaling Jordan Szwarz Cameron Gaunce Alex Petrovic
Goaltenders
Starting : Joni Ortio
Backup : Andrew Hammond
Extra Forwards
Normal : Jordan Szwarz, Marek Zagrapan, Jason Akeson - PP : Jordan Szwarz, Marek Zagrapan - PK : Nick Spaling
Extra Defensemen
Normal : Brian Dumoulin, Philip Larsen, Alex Petrovic - PP : Brian Dumoulin - PK : Philip Larsen, Alex Petrovic
Penalty Shots
Nick Spaling, Jordan Szwarz, Lars Eller, Jason Akeson, Bryan Bickell
Scratches
Viktor Loov (Healthy), Tobias Lindberg (Healthy), Andrey Pedan (Healthy), Nikita Nesterov (Healthy), Charles Hudon (Healthy)
Barclay Goodrow (Healthy), David Musil (Healthy), Darcy Kuemper (Healthy)
% Time on Ice - Little Stars
Lines # - Real PCT - Wanted PCT - Time Play
Normal Forward
1 - 33% - 40% - 14:49
2 - 29% - 30% - 12:45
3 - 20% - 20% - 8:58
4 - 18% - 10% - 8:01
Normal Defense
1 - 44% - 40% - 19:37
2 - 33% - 30% - 14:46
3 - 17% - 20% - 7:34
4 - 6% - 10% - 2:36
PP Forward
1 - 53% - 60% - 6:20
2 - 47% - 40% - 5:35
PP Defense
1 - 65% - 60% - 7:42
2 - 35% - 40% - 4:13
PK Forward
1 - 77% - 60% - 2:43
2 - 23% - 40% - 0:49
PK Defense
1 - 66% - 60% - 2:19
2 - 34% - 40% - 1:13
PK3 Forward
1 - 0% - 60%
2 - 0% - 40%
PK3 Defense
1 - 0% - 60%
2 - 0% - 40%
44 Forward
1 - 0% - 60%
2 - 0% - 40%
44 Defense
1 - 0% - 60%
2 - 0% - 40%
Last Minute Offensive - 0:00
Last Minute Defensive - 0:00
Total
Forward - 60:00
Defense - 60:00
|
% Time on Ice - Diablos
Lines # - Real PCT - Wanted PCT - Time Play
Normal Forward
1 - 36% - 40% - 16:07
2 - 27% - 30% - 12:04
3 - 22% - 20% - 9:57
4 - 14% - 10% - 6:25
Normal Defense
1 - 40% - 40% - 18:02
2 - 29% - 30% - 12:47
3 - 25% - 20% - 11:16
4 - 6% - 10% - 2:28
PP Forward
1 - 63% - 60% - 2:13
2 - 37% - 40% - 1:19
PP Defense
1 - 65% - 60% - 2:17
2 - 35% - 40% - 1:15
PK Forward
1 - 72% - 60% - 8:37
2 - 28% - 40% - 3:18
PK Defense
1 - 56% - 60% - 6:43
2 - 44% - 40% - 5:12
PK3 Forward
1 - 0% - 60%
2 - 0% - 40%
PK3 Defense
1 - 0% - 60%
2 - 0% - 40%
44 Forward
1 - 0% - 60%
2 - 0% - 40%
44 Defense
1 - 0% - 60%
2 - 0% - 40%
Last Minute Offensive - 0:00
Last Minute Defensive - 0:00
Total
Forward - 60:00
Defense - 60:00
|
Play-by-Play
1st period
0:01 of 1st period - Brian Flynn wins face-off versus Jason Akeson in neutral zone.
0:06 of 1st period - Wrist shot by Curtis Glencross.
0:06 of 1st period - Shot Misses the Net.
0:52 of 1st period - Slapshot by Mathieu Perreault.
0:52 of 1st period - Stopped by Joni Ortio with a rebound.
0:54 of 1st period - Slapshot by Jordie Benn.
0:54 of 1st period - Shot Misses the Net.
0:56 of 1st period - Snap shot by Mathieu Perreault.
0:56 of 1st period - Stopped by Joni Ortio without a rebound.
0:57 of 1st period - Peter Holland wins face-off versus Bo Horvat in Diablos zone.
1:16 of 1st period - Tyler Wotherspoon is hit by Philip Larsen and loses puck.
2:11 of 1st period - Tyson Barrie is hit by Corey Trivino and loses puck.
2:32 of 1st period - Slapshot by Andrej Sustr.
2:32 of 1st period - Stopped by Joni Ortio with a rebound.
2:38 of 1st period - Snap shot by Jordan Szwarz.
2:38 of 1st period - Shot Misses the Net.
2:40 of 1st period - Slapshot by Alex Petrovic.
2:40 of 1st period - Stopped by Matt Murray with a rebound.
2:42 of 1st period - Snap shot by Corey Trivino.
2:42 of 1st period - Shot Blocked by Andrej Sustr.
2:50 of 1st period - Slapshot by Bryan Bickell.
2:50 of 1st period - Shot Misses the Net.
2:54 of 1st period - Wrist shot by Jordan Szwarz.
2:54 of 1st period - Shot Misses the Net.
2:58 of 1st period - Wrist shot by Corey Trivino.
2:58 of 1st period - Stopped by Matt Murray with a rebound.
3:00 of 1st period - Wrist shot by Corey Trivino.
3:00 of 1st period - Goal by Corey Trivino - Little Stars : 0 - Diablos : 1.
3:01 of 1st period - Brian Flynn wins face-off versus Lars Eller in neutral zone.
3:53 of 1st period - Wrist shot by Mathieu Perreault.
3:53 of 1st period - Stopped by Joni Ortio without a rebound.
3:54 of 1st period - Brian Flynn wins face-off versus Peter Holland in Diablos zone.
3:57 of 1st period - Backhand shot by Brian Flynn.
3:57 of 1st period - Stopped by Joni Ortio with a rebound.
3:59 of 1st period - Slapshot by Andrej Sustr.
3:59 of 1st period - Deflect By Cam Atkinson.
3:59 of 1st period - Deflect By Brian Dumoulin.
3:59 of 1st period - Shot Misses the Net.
3:59 of 1st period - Puck is out of play.
4:00 of 1st period - Brian Flynn wins face-off versus Lars Eller in Diablos zone.
4:25 of 1st period - Andrej Sustr is hit by Marek Zagrapan and loses puck.
4:52 of 1st period - Peter Holland is hit by Phil Oreskovic and loses puck.
5:03 of 1st period - Brian Dumoulin is hit by Curtis Glencross and loses puck.
5:30 of 1st period - Backhand shot by Tyler Pitlick.
5:30 of 1st period - Shot Misses the Net.
5:32 of 1st period - Snap shot by Cameron Gaunce.
5:32 of 1st period - Shot Misses the Net.
5:34 of 1st period - Slapshot by Brian Dumoulin.
5:34 of 1st period - Stopped by Matt Murray with a rebound.
5:42 of 1st period - Snap shot by Peter Holland.
5:42 of 1st period - Stopped by Matt Murray without a rebound.
5:43 of 1st period - Jason Akeson wins face-off versus Dana Tyrell in Little Stars zone.
5:46 of 1st period - Snap shot by Jason Akeson.
5:46 of 1st period - Shot Misses the Net.
5:52 of 1st period - Andrei Mironov is hit by Jesse Joensuu and loses puck.
5:59 of 1st period - Snap shot by Dana Tyrell.
5:59 of 1st period - Shot Misses the Net.
6:09 of 1st period - Zach Budish is hit by Tyler Lewington and loses puck.
6:40 of 1st period - Snap shot by Bo Horvat.
6:40 of 1st period - Stopped by Joni Ortio with a rebound.
7:03 of 1st period - Wrist shot by Jesse Joensuu.
7:03 of 1st period - Shot Misses the Net.
7:09 of 1st period - Phil Oreskovic is hit by Marek Zagrapan and loses puck.
7:22 of 1st period - Snap shot by Cam Atkinson.
7:22 of 1st period - Stopped by Joni Ortio without a rebound.
7:23 of 1st period - Brian Flynn wins face-off versus Corey Trivino in Diablos zone.
7:53 of 1st period - Snap shot by Alexander Vasyunov.
7:53 of 1st period - Stopped by Joni Ortio without a rebound.
7:54 of 1st period - Lars Eller wins face-off versus Dana Tyrell in Diablos zone.
8:19 of 1st period - Tyler Wotherspoon is hit by Corey Trivino.
9:07 of 1st period - Snap shot by Lars Eller.
9:07 of 1st period - Stopped by Matt Murray with a rebound.
9:13 of 1st period - Slapshot by Dana Tyrell.
9:13 of 1st period - Stopped by Joni Ortio with a rebound.
9:15 of 1st period - Wrist shot by Stanislav Chistov.
9:15 of 1st period - Shot Misses the Net.
9:25 of 1st period - Scott Kosmachuck is hit by Peter Holland and loses puck.
9:47 of 1st period - Phil Oreskovic is hit by Jordan Szwarz and loses puck.
10:30 of 1st period - Snap shot by Cam Atkinson.
10:30 of 1st period - Shot Blocked by Cameron Gaunce.
10:40 of 1st period - Snap shot by Danny Kristo.
10:40 of 1st period - Shot Misses the Net.
10:57 of 1st period - Wrist shot by Danny Kristo.
10:57 of 1st period - Shot Misses the Net.
11:09 of 1st period - Philip Larsen is hit by Phil Oreskovic and loses puck.
11:21 of 1st period - Wrist shot by Curtis Glencross.
11:21 of 1st period - Stopped by Joni Ortio with a rebound.
11:23 of 1st period - Snap shot by Jordie Benn.
11:23 of 1st period - Deflect By Alex Petrovic.
11:23 of 1st period - Stopped by Joni Ortio without a rebound.
11:24 of 1st period - Dana Tyrell wins face-off versus Lars Eller in Diablos zone.
11:31 of 1st period - Snap shot by Dana Tyrell.
11:31 of 1st period - Shot Blocked by Tyler Lewington.
11:33 of 1st period - Wrist shot by Dana Tyrell.
11:33 of 1st period - Stopped by Joni Ortio without a rebound.
11:34 of 1st period - Dana Tyrell wins face-off versus Lars Eller in Diablos zone.
11:53 of 1st period - Slapshot by Stanislav Chistov.
11:53 of 1st period - Stopped by Joni Ortio without a rebound.
11:54 of 1st period - Mathieu Perreault wins face-off versus Jordan Szwarz in Diablos zone.
12:19 of 1st period - Nick Spaling is hit by Phil Oreskovic and loses puck.
12:40 of 1st period - Jordie Benn is hit by Cameron Gaunce and loses puck.
12:49 of 1st period - Bo Horvat is hit by Brian Dumoulin and loses puck.
13:08 of 1st period - Snap shot by Danny Kristo.
13:08 of 1st period - Stopped by Matt Murray without a rebound.
13:09 of 1st period - Danny Kristo wins face-off versus Dana Tyrell in Little Stars zone.
13:23 of 1st period - Off-side.
13:24 of 1st period - Brian Flynn wins face-off versus Lars Eller in neutral zone.
13:32 of 1st period - Minor Penalty to Nick Spaling for Hooking.
13:33 of 1st period - Corey Trivino wins face-off versus Brian Flynn in Diablos zone.
13:59 of 1st period - Cameron Gaunce is hit by Stanislav Chistov and loses puck.
15:32 of 1st period - Penalty to Nick Spaling is over, Nick Spaling is back on ice.
15:37 of 1st period - Nick Spaling is hit by Jordie Benn.
15:44 of 1st period - Minor Penalty to Brian Dumoulin for Tripping.
15:45 of 1st period - Corey Trivino wins face-off versus Dana Tyrell in Diablos zone.
15:45 of 1st period - Corey Trivino is hit by Tyson Barrie.
17:44 of 1st period - Penalty to Brian Dumoulin is over, Brian Dumoulin is back on ice.
18:08 of 1st period - Jordie Benn is hit by Marek Zagrapan and loses puck.
18:15 of 1st period - Slapshot by Andrej Sustr.
18:15 of 1st period - Stopped by Joni Ortio with a rebound.
18:27 of 1st period - Slapshot by Mathieu Perreault.
18:27 of 1st period - Shot Blocked by Cameron Gaunce.
18:29 of 1st period - Snap shot by Mathieu Perreault.
18:29 of 1st period - Stopped by Joni Ortio without a rebound.
18:30 of 1st period - Peter Holland wins face-off versus Mathieu Perreault in Diablos zone.
18:39 of 1st period - Backhand shot by Tyler Pitlick.
18:39 of 1st period - Stopped by Matt Murray without a rebound.
18:40 of 1st period - Lars Eller wins face-off versus Brian Flynn in Little Stars zone.
18:43 of 1st period - Snap shot by Jason Akeson.
18:43 of 1st period - Stopped by Matt Murray with a rebound.
18:45 of 1st period - Minor Penalty to Cam Atkinson for Boarding.
18:46 of 1st period - Alexander Vasyunov wins face-off versus Lars Eller in Little Stars zone.
19:14 of 1st period - Curtis Glencross is hit by Bryan Bickell and loses puck.
19:21 of 1st period - Snap shot by Jordan Szwarz.
19:21 of 1st period - Stopped by Matt Murray without a rebound.
19:22 of 1st period - Corey Trivino wins face-off versus Alexander Vasyunov in Little Stars zone.
19:23 of 1st period - Wrist shot by Bryan Bickell.
19:23 of 1st period - Shot Blocked by Jordie Benn.
Goals for this period are 0 for Little Stars vs 1 for Diablos .
Shots for this period are 15 for Little Stars vs 10 for Diablos .
2nd period
0:01 of 2nd period - Alexander Vasyunov wins face-off versus Lars Eller in neutral zone.
0:12 of 2nd period - Slapshot by Lars Eller.
0:12 of 2nd period - Stopped by Matt Murray without a rebound.
0:13 of 2nd period - Lars Eller wins face-off versus Curtis Glencross in Little Stars zone.
0:18 of 2nd period - Snap shot by Nick Spaling.
0:18 of 2nd period - Goal by Nick Spaling - Little Stars : 0 - Diablos : 2.
0:19 of 2nd period - Curtis Glencross wins face-off versus Lars Eller in neutral zone.
0:26 of 2nd period - Wrist shot by Cam Atkinson.
0:26 of 2nd period - Goal by Cam Atkinson - Little Stars : 1 - Diablos : 2.
0:27 of 2nd period - Brian Flynn wins face-off versus Lars Eller in neutral zone.
0:42 of 2nd period - Lars Eller is hit by Brian Flynn and loses puck.
1:17 of 2nd period - Alexander Vasyunov is hit by Marek Zagrapan and loses puck.
1:28 of 2nd period - Slapshot by Jiri Sekac.
1:28 of 2nd period - Shot Blocked by Jordie Benn.
1:30 of 2nd period - Slapshot by Andrei Mironov.
1:30 of 2nd period - Stopped by Matt Murray with a rebound.
1:40 of 2nd period - Slapshot by Jordie Benn.
1:40 of 2nd period - Shot Blocked by Peter Holland.
1:51 of 2nd period - Sergey Tolchinsky is hit by Scott Kosmachuck and loses puck.
2:16 of 2nd period - Snap shot by Jason Akeson.
2:16 of 2nd period - Stopped by Matt Murray without a rebound.
2:17 of 2nd period - Brian Flynn wins face-off versus Jordan Szwarz in Little Stars zone.
2:19 of 2nd period - Minor Penalty to Brian Flynn for Slashing.
2:20 of 2nd period - Cam Atkinson wins face-off versus Lars Eller in Little Stars zone.
2:34 of 2nd period - Snap shot by Lars Eller.
2:34 of 2nd period - Shot Blocked by Phil Oreskovic.
2:34 of 2nd period - Phil Oreskovic from Little Stars is injured at 2:34 of 2nd period (Strained Groin).
2:35 of 2nd period - Cam Atkinson wins face-off versus Lars Eller in Little Stars zone.
4:19 of 2nd period - Penalty to Brian Flynn is over, Brian Flynn is back on ice.
4:35 of 2nd period - Slapshot by Tyler Lewington.
4:35 of 2nd period - Shot Blocked by Tyson Barrie.
5:52 of 2nd period - Jason Akeson is hit by Mathieu Perreault and loses puck.
6:03 of 2nd period - Tyler Wotherspoon is hit by Tyler Pitlick and loses puck.
6:27 of 2nd period - Snap shot by Bo Horvat.
6:27 of 2nd period - Shot Blocked by Alex Petrovic.
6:39 of 2nd period - Adam Tambellini is hit by Bryan Bickell and loses puck.
7:00 of 2nd period - Snap shot by Jesse Joensuu.
7:00 of 2nd period - Shot Blocked by Andrei Mironov.
7:12 of 2nd period - Corey Trivino is hit by Mathieu Perreault and loses puck.
7:29 of 2nd period - Jiri Sekac is hit by Stanislav Chistov and loses puck.
7:51 of 2nd period - Dana Tyrell is hit by Lars Eller and loses puck.
8:56 of 2nd period - Alex Petrovic is hit by Scott Kosmachuck and loses puck.
9:09 of 2nd period - Curtis Glencross is hit by Philip Larsen and loses puck.
9:18 of 2nd period - Snap shot by Danny Kristo.
9:18 of 2nd period - Shot Misses the Net.
9:45 of 2nd period - Mathieu Perreault is hit by Tyler Pitlick and loses puck.
10:19 of 2nd period - Curtis Glencross is hit by Nick Spaling and loses puck.
10:28 of 2nd period - Wrist shot by Nick Spaling.
10:28 of 2nd period - Stopped by Matt Murray without a rebound.
10:29 of 2nd period - Lars Eller wins face-off versus Bo Horvat in Little Stars zone.
10:34 of 2nd period - Wrist shot by Jason Akeson.
10:34 of 2nd period - Shot Blocked by Andrej Sustr.
10:36 of 2nd period - Slapshot by Nick Spaling.
10:36 of 2nd period - Stopped by Matt Murray without a rebound.
10:37 of 2nd period - Jason Akeson wins face-off versus Bo Horvat in Little Stars zone.
11:12 of 2nd period - Snap shot by Stanislav Chistov.
11:12 of 2nd period - Shot Blocked by Tyler Lewington.
11:32 of 2nd period - Jordan Szwarz is hit by Jordie Benn and loses puck.
12:00 of 2nd period - Wrist shot by Bryan Bickell.
12:00 of 2nd period - Shot Misses the Net.
12:06 of 2nd period - Wrist shot by Corey Trivino.
12:06 of 2nd period - Stopped by Matt Murray with a rebound.
12:08 of 2nd period - Slapshot by Tyler Lewington.
12:08 of 2nd period - Shot Blocked by Jesse Joensuu.
12:10 of 2nd period - Wrist shot by Jordan Szwarz.
12:10 of 2nd period - Stopped by Matt Murray with a rebound.
12:12 of 2nd period - Slapshot by Bryan Bickell.
12:12 of 2nd period - Shot Blocked by Andrej Sustr.
12:14 of 2nd period - Wrist shot by Bryan Bickell.
12:14 of 2nd period - Goal by Bryan Bickell - Little Stars : 1 - Diablos : 3.
12:15 of 2nd period - Brian Flynn wins face-off versus Lars Eller in neutral zone.
12:22 of 2nd period - Wrist shot by Brian Flynn.
12:22 of 2nd period - Stopped by Joni Ortio without a rebound.
12:23 of 2nd period - Brian Flynn wins face-off versus Lars Eller in Diablos zone.
12:28 of 2nd period - Wrist shot by Brian Flynn.
12:28 of 2nd period - Stopped by Joni Ortio without a rebound.
12:29 of 2nd period - Lars Eller wins face-off versus Brian Flynn in Diablos zone.
12:40 of 2nd period - Snap shot by Jason Akeson.
12:40 of 2nd period - Shot Misses the Net.
12:42 of 2nd period - Snap shot by Lars Eller.
12:42 of 2nd period - Stopped by Matt Murray with a rebound.
12:44 of 2nd period - Backhand shot by Brian Dumoulin.
12:44 of 2nd period - Deflect By Nick Spaling.
12:44 of 2nd period - Shot Misses the Net.
12:44 of 2nd period - Puck is out of play.
12:45 of 2nd period - Corey Trivino wins face-off versus Dana Tyrell in Little Stars zone.
12:48 of 2nd period - Wrist shot by Bryan Bickell.
12:48 of 2nd period - Shot Blocked by Tyson Barrie.
12:50 of 2nd period - Snap shot by Brian Dumoulin.
12:50 of 2nd period - Shot Blocked by Jesse Joensuu.
12:52 of 2nd period - Snap shot by Jordan Szwarz.
12:52 of 2nd period - Shot Blocked by Tyler Wotherspoon.
12:54 of 2nd period - Snap shot by Corey Trivino.
12:54 of 2nd period - Shot Misses the Net.
13:15 of 2nd period - Snap shot by Lars Eller.
13:15 of 2nd period - Shot Blocked by Tyson Barrie.
13:18 of 2nd period - Icing by Cam Atkinson.
13:19 of 2nd period - Lars Eller wins face-off versus Brian Flynn in Little Stars zone.
13:42 of 2nd period - Wrist shot by Cam Atkinson.
13:42 of 2nd period - Deflect By Curtis Glencross.
13:42 of 2nd period - Stopped by Joni Ortio with a rebound.
13:58 of 2nd period - Wrist shot by Curtis Glencross.
13:58 of 2nd period - Stopped by Joni Ortio with a rebound.
14:14 of 2nd period - Wrist shot by Brian Flynn.
14:14 of 2nd period - Stopped by Joni Ortio without a rebound.
14:15 of 2nd period - Dana Tyrell wins face-off versus Corey Trivino in Diablos zone.
14:44 of 2nd period - Wrist shot by Danny Kristo.
14:44 of 2nd period - Goal by Danny Kristo - Little Stars : 1 - Diablos : 4.
14:45 of 2nd period - Lars Eller wins face-off versus Brian Flynn in neutral zone.
14:48 of 2nd period - Tyson Barrie is hit by Lars Eller and loses puck.
15:01 of 2nd period - Slapshot by Tyson Barrie.
15:01 of 2nd period - Shot Misses the Net.
15:47 of 2nd period - Wrist shot by Jesse Joensuu.
15:47 of 2nd period - Stopped by Joni Ortio without a rebound.
15:48 of 2nd period - Lars Eller wins face-off versus Brian Flynn in Diablos zone.
16:13 of 2nd period - Alex Petrovic is hit by Zach Budish and loses puck.
16:40 of 2nd period - Andrej Sustr is hit by Jiri Sekac and loses puck.
17:21 of 2nd period - Wrist shot by Cam Atkinson.
17:21 of 2nd period - Shot Misses the Net.
17:23 of 2nd period - Wrist shot by Cam Atkinson.
17:23 of 2nd period - Deflect By Brian Flynn.
17:23 of 2nd period - Shot Misses the Net.
17:23 of 2nd period - Puck is out of play.
17:24 of 2nd period - Brian Flynn wins face-off versus Lars Eller in Diablos zone.
17:35 of 2nd period - Slapshot by Brian Flynn.
17:35 of 2nd period - Shot Misses the Net.
18:14 of 2nd period - Icing by Tyler Wotherspoon.
18:15 of 2nd period - Mathieu Perreault wins face-off versus Lars Eller in Little Stars zone.
18:20 of 2nd period - Tyler Lewington is hit by Mathieu Perreault and loses puck.
19:01 of 2nd period - Wrist shot by Andrej Sustr.
19:01 of 2nd period - Deflect By Zach Budish.
19:01 of 2nd period - Shot Misses the Net.
19:01 of 2nd period - Puck is out of play.
19:02 of 2nd period - Brian Flynn wins face-off versus Jordan Szwarz in Diablos zone.
19:03 of 2nd period - Wrist shot by Cam Atkinson.
19:03 of 2nd period - Deflect By Curtis Glencross.
19:03 of 2nd period - Goal by Curtis Glencross - Little Stars : 2 - Diablos : 4.
19:04 of 2nd period - Lars Eller wins face-off versus Brian Flynn in neutral zone.
19:09 of 2nd period - Snap shot by Lars Eller.
19:09 of 2nd period - Shot Misses the Net.
19:11 of 2nd period - Snap shot by Jason Akeson.
19:11 of 2nd period - Shot Misses the Net.
19:35 of 2nd period - Off-side.
19:36 of 2nd period - Dana Tyrell wins face-off versus Lars Eller in neutral zone.
19:39 of 2nd period - Snap shot by Stanislav Chistov.
19:39 of 2nd period - Shot Misses the Net.
Goals for this period are 2 for Little Stars vs 3 for Diablos .
Shots for this period are 8 for Little Stars vs 11 for Diablos .
3rd period
0:01 of 3rd period - Lars Eller wins face-off versus Brian Flynn in neutral zone.
0:21 of 3rd period - Jason Akeson is hit by Brian Flynn and loses puck.
0:30 of 3rd period - Cam Atkinson is hit by Brian Dumoulin and loses puck.
0:48 of 3rd period - Off-side.
0:49 of 3rd period - Dana Tyrell wins face-off versus Corey Trivino in neutral zone.
1:40 of 3rd period - Wrist shot by Peter Holland.
1:40 of 3rd period - Goal by Peter Holland - Little Stars : 2 - Diablos : 5.
1:40 of 3rd period - Peter Delmas enters game.
1:41 of 3rd period - Brian Flynn wins face-off versus Lars Eller in neutral zone.
1:46 of 3rd period - Slapshot by Tyler Wotherspoon.
1:46 of 3rd period - Shot Blocked by Brian Dumoulin.
1:48 of 3rd period - Minor Penalty to Lars Eller for Boarding.
1:49 of 3rd period - Corey Trivino wins face-off versus Cam Atkinson in Diablos zone.
2:04 of 3rd period - Snap shot by Curtis Glencross.
2:04 of 3rd period - Stopped by Joni Ortio without a rebound.
2:05 of 3rd period - Corey Trivino wins face-off versus Brian Flynn in Diablos zone.
2:05 of 3rd period - Corey Trivino is hit by Brian Flynn.
2:15 of 3rd period - Nick Spaling is hit by Cam Atkinson.
3:48 of 3rd period - Penalty to Lars Eller is over, Lars Eller is back on ice.
3:58 of 3rd period - Backhand shot by Philip Larsen.
3:58 of 3rd period - Stopped by Peter Delmas with a rebound.
4:08 of 3rd period - Marek Zagrapan is hit by Zach Budish and loses puck.
4:37 of 3rd period - Peter Holland is hit by Jordie Benn and loses puck.
4:59 of 3rd period - Mathieu Perreault is hit by Cameron Gaunce and loses puck.
5:11 of 3rd period - Icing by Lars Eller.
5:12 of 3rd period - Bo Horvat wins face-off versus Marek Zagrapan in Diablos zone.
5:23 of 3rd period - Danny Kristo is hit by Scott Kosmachuck and loses puck.
6:03 of 3rd period - Off-side.
6:04 of 3rd period - Jason Akeson wins face-off versus Curtis Glencross in neutral zone.
6:21 of 3rd period - Slapshot by Nick Spaling.
6:21 of 3rd period - Stopped by Peter Delmas without a rebound.
6:22 of 3rd period - Corey Trivino wins face-off versus Dana Tyrell in Little Stars zone.
6:23 of 3rd period - Snap shot by Jordan Szwarz.
6:23 of 3rd period - Shot Misses the Net.
6:30 of 3rd period - Minor Penalty to Cameron Gaunce for Tripping.
6:31 of 3rd period - Corey Trivino wins face-off versus Brian Flynn in Diablos zone.
6:46 of 3rd period - Wrist shot by Brian Flynn.
6:46 of 3rd period - Shot Misses the Net.
8:00 of 3rd period - Icing by Stanislav Chistov.
8:01 of 3rd period - Peter Holland wins face-off versus Dana Tyrell in Little Stars zone.
8:08 of 3rd period - Wrist shot by Bryan Bickell.
8:08 of 3rd period - Shot Misses the Net.
8:26 of 3rd period - Snap shot by Cam Atkinson.
8:26 of 3rd period - Stopped by Joni Ortio without a rebound.
8:27 of 3rd period - Lars Eller wins face-off versus Brian Flynn in Diablos zone.
8:30 of 3rd period - Penalty to Cameron Gaunce is over, Cameron Gaunce is back on ice.
9:22 of 3rd period - Wrist shot by Tyler Pitlick.
9:22 of 3rd period - Stopped by Peter Delmas without a rebound.
9:23 of 3rd period - Brian Flynn wins face-off versus Lars Eller in Little Stars zone.
9:23 of 3rd period - Brian Flynn is hit by Nick Spaling.
9:50 of 3rd period - Jesse Joensuu is hit by Brian Dumoulin and loses puck.
10:18 of 3rd period - Slapshot by Marek Zagrapan.
10:18 of 3rd period - Shot Misses the Net.
10:20 of 3rd period - Slapshot by Philip Larsen.
10:20 of 3rd period - Stopped by Peter Delmas without a rebound.
10:21 of 3rd period - Brian Flynn wins face-off versus Lars Eller in Little Stars zone.
10:25 of 3rd period - Double Minor Penalty to Philip Larsen for Charging.
10:26 of 3rd period - Corey Trivino wins face-off versus Brian Flynn in Diablos zone.
10:58 of 3rd period - Snap shot by Jesse Joensuu.
10:58 of 3rd period - Stopped by Joni Ortio with a rebound.
11:00 of 3rd period - Wrist shot by Stanislav Chistov.
11:00 of 3rd period - Shot Blocked by Andrei Mironov.
11:26 of 3rd period - Snap shot by Cam Atkinson.
11:26 of 3rd period - Shot Misses the Net.
11:28 of 3rd period - Slapshot by Brian Flynn.
11:28 of 3rd period - Shot Misses the Net.
13:41 of 3rd period - Bryan Bickell is hit by Tyler Wotherspoon.
13:51 of 3rd period - Cam Atkinson is hit by Lars Eller and loses puck.
14:25 of 3rd period - Penalty to Philip Larsen is over, Philip Larsen is back on ice.
14:40 of 3rd period - Snap shot by Adam Tambellini.
14:40 of 3rd period - Shot Misses the Net.
14:46 of 3rd period - Wrist shot by Danny Kristo.
14:46 of 3rd period - Stopped by Peter Delmas without a rebound.
14:47 of 3rd period - Mathieu Perreault wins face-off versus Marek Zagrapan in Little Stars zone.
15:17 of 3rd period - Jason Akeson is hit by Scott Kosmachuck and loses puck.
15:52 of 3rd period - Snap shot by Lars Eller.
15:52 of 3rd period - Shot Misses the Net.
15:54 of 3rd period - Slapshot by Philip Larsen.
15:54 of 3rd period - Deflect By Lars Eller.
15:54 of 3rd period - Shot Blocked by Tyson Barrie.
15:54 of 3rd period - Puck is out of play.
15:55 of 3rd period - Dana Tyrell wins face-off versus Jordan Szwarz in Little Stars zone.
15:55 of 3rd period - Dana Tyrell is hit by Cameron Gaunce.
16:29 of 3rd period - Snap shot by Danny Kristo.
16:29 of 3rd period - Stopped by Peter Delmas with a rebound.
16:31 of 3rd period - Snap shot by Marek Zagrapan.
16:31 of 3rd period - Stopped by Peter Delmas with a rebound.
17:30 of 3rd period - Wrist shot by Stanislav Chistov.
17:30 of 3rd period - Shot Blocked by Danny Kristo.
17:32 of 3rd period - Slapshot by Tyler Wotherspoon.
17:32 of 3rd period - Stopped by Joni Ortio with a rebound.
17:34 of 3rd period - Snap shot by Stanislav Chistov.
17:34 of 3rd period - Stopped by Joni Ortio with a rebound.
17:36 of 3rd period - Snap shot by Dana Tyrell.
17:36 of 3rd period - Shot Misses the Net.
17:58 of 3rd period - Snap shot by Tyler Pitlick.
17:58 of 3rd period - Deflect By Peter Holland.
17:58 of 3rd period - Shot Misses the Net.
17:58 of 3rd period - Puck is out of play.
17:59 of 3rd period - Dana Tyrell wins face-off versus Lars Eller in Little Stars zone.
18:06 of 3rd period - Wrist shot by Stanislav Chistov.
18:06 of 3rd period - Stopped by Joni Ortio without a rebound.
18:07 of 3rd period - Dana Tyrell wins face-off versus Lars Eller in Diablos zone.
19:04 of 3rd period - Wrist shot by Mathieu Perreault.
19:04 of 3rd period - Stopped by Joni Ortio without a rebound.
19:05 of 3rd period - Cam Atkinson wins face-off versus Nick Spaling in Diablos zone.
19:08 of 3rd period - Snap shot by Cam Atkinson.
19:08 of 3rd period - Stopped by Joni Ortio without a rebound.
19:09 of 3rd period - Brian Flynn wins face-off versus Lars Eller in Diablos zone.
19:18 of 3rd period - Snap shot by Lars Eller.
19:18 of 3rd period - Stopped by Peter Delmas without a rebound.
19:19 of 3rd period - Brian Flynn wins face-off versus Lars Eller in Little Stars zone.
19:59 of 3rd period - Brian Dumoulin is hit by Jesse Joensuu and loses puck.
Goals for this period are 0 for Little Stars vs 1 for Diablos .
Shots for this period are 8 for Little Stars vs 9 for Diablos .
Back to the Top